 Dungeon Crawl Stone Soup version 0.28.0-53-g5a82cb258f (webtiles) character file.

Game seed: 12115867335254437503

103 PentaManta the Ruffian (level 4, 0/36 HPs)
             Began as a Ghoul Gladiator on June 16, 2022.
             Slain by an orc wizard
             ... wielding a +0 dagger
              (2 damage)
             ... on level 3 of the Dungeon.
             The game lasted 00:02:02 (2168 turns).

PentaManta the Ruffian (Ghoul Gladiator)            Turns: 2168, Time: 00:02:02

Health: 0/36       AC:  6    Str: 19    XL:     4   Next: 79%
Magic:  3/3        EV: 11    Int:  3    God:
Gold:   146        SH:  0    Dex: 10    Spells: 3/3 levels left

rFire   . . .      SeeInvis .     - Unarmed
rCold   + . .      Faith    .   (no shield)
rNeg    + + +      Spirit   .   g - +0 ring mail
rPois   ∞          Reflect  .   b - +0 helmet
rElec   .          Harm     .   (no cloak)
rCorr   .          Rampage  .   (no gloves)
Will    .....                   (no boots)
Stlth   ..........              (no amulet)
HPRegen 0.00/turn               (no ring)
MPRegen 0.08/turn               (no ring)

@: inhibited regen
A: claws 1, cold resistance 1, negative energy resistance 3, inhibited
regeneration, torment resistance 2
a: no special abilities


You were on level 3 of the Dungeon.
You visited 1 branch of the dungeon, and saw 3 of its levels.

You collected 146 gold pieces.

Inventory:

Hand Weapons
 n - a +1 dagger of venom
Missiles
 c - 3 throwing nets (quivered)
Armour
 b - a +0 helmet (worn)
 g - a +0 ring mail (worn)
Scrolls
 a - a scroll of teleportation {unknown}
 d - 3 scrolls of brand weapon
 i - a scroll of enchant armour {unknown}
 k - a scroll of amnesia {unknown}
 l - a scroll of identify {unknown}
Potions
 e - 7 potions of haste {unknown}
 f - 3 potions of curing {unknown}
 j - a potion of brilliance {unknown}
 m - a potion of magic {unknown}


   Skills:
 - Level 2.1 Fighting
 - Level 1.7 Throwing
 - Level 2.6 Dodging
 + Level 5.9 Unarmed Combat


You had 3 spell levels left.
You didn't know any spells.
Your spell library contained the following spells:

 Spells                   Type           Power      Damage    Failure   Level
 Corpse Rot               Necr/Air       0%         N/A       85%         2
 Poisonous Vapours        Pois/Air       0%         N/A       85%         2


Dungeon Overview and Level Annotations

Branches:
Dungeon (3/15)

Altars:
Ashenzari

Shops:
D:2 (


Innate Abilities, Weirdness & Mutations

You thrive by killing the living.
You are immune to poison.
You have sharp fingernails.
Your flesh is cold resistant. (rC+)
You are immune to negative energy. (rN+++)
You do not regenerate when monsters are visible.
You are immune to unholy pain and torment.


Message History

An orc priest comes into view. It is wielding a +0 trident.
The orc priest shouts!
An orc wizard comes into view. It is wielding a +0 dagger.
The orc hits you with a +0 falchion.
Unknown command.
You closely miss the orc.
The orc priest invokes the aid of Beogh against you.
Beogh smites you! The orc misses you.
You claw the orc!
You kill the orc!
You claw the orc priest!
The orc priest is severely wounded.
The orc priest hits you with a +0 hand axe.
The orc wizard casts a spell.
The orc wizard flickers and vanishes!
Deactivating autopickup; reactivate with Ctrl-A.
You claw the orc priest!
You kill the orc priest!
Your Unarmed Combat skill increases to level 5!
You have reached level 4!
You scratch the orc but do no damage. You claw the orc!
You kill the orc!
You feel better.
The orc priest hits you from afar with a +0 trident!
* * * LOW HITPOINT WARNING * * *
Sorry, you're not good enough to have a special ability.
The orc priest hits you with a +0 trident!
* * * LOW HITPOINT WARNING * * *
Items here: ))) †.
You claw the orc priest!
The orc priest is severely wounded.
The orc priest closely misses you.
You scratch the orc priest.
You kill the orc priest!
Something hits you but does no damage.
Things that are here:
a +0 trident; an orc corpse You scratch something.
Something hits you.
You die...

################
#..# ##...## #.#
#..## ####.## #.#
#...# #.....# #.#
##..# #.##..# #.#
#..# #.##..# #.#
#..# #.##..## #.#
#..###.##..## #{#
#......##.... #@#
##.########## #)#
#.# #.# #.# #.#
#.##########
#.#####...........
#..........†......
##################


There were no monsters in sight!

Vanquished Creatures
  2 orc priests (D:3)
  A worm (D:2)
  2 orcs (D:3)
  4 ball pythons
  An endoplasm (D:2)
  3 giant cockroaches (D:2)
  3 hobgoblins
  6 jackals (D:1)
  4 kobolds
  3 quokkas
  2 bats
  4 frilled lizards
  2 goblins (D:2)
  2 rats (D:1)
39 creatures vanquished.

Notes
Turn   | Place    | Note
-------+----------+-------------------------------------------
     0 | D:1      | PentaManta the Ghoul Gladiator began the quest for the Orb.
     0 | D:1      | Reached XP level 1. HP: 17/17 MP: 0/0
   544 | D:1      | Reached XP level 2. HP: 24/24 MP: 1/1
   581 | D:1      | Reached skill level 4 in Unarmed Combat
  1365 | D:2      | Found a broken altar of Ashenzari.
  1398 | D:2      | Reached XP level 3. HP: 29/29 MP: 2/2
  1421 | D:2      | Found Goem's Weapon Shop.
  2162 | D:3      | Reached skill level 5 in Unarmed Combat
  2162 | D:3      | Reached XP level 4. HP: 13/36 MP: 3/3
  2168 | D:3      | Slain by an orc wizard

Illustrated notes

Levels and vault maps discovered:
D:1:      dpeg_arrival_arbitrary_b, layout_basic
D:2:      layout_loops_cross, serial_shops, nicolae_shop_advertising_works
          [nicolae_subvault_shop_adworks], basic_altar,
          hangedman_decor_clover_reticule
D:3:      layout_loops_ring, mainiacjoe_overflow_concentric_impassable,
          bloody_trog, shapermc_ecumenical_altar_mp_highgroup,
          kennysheep_generic_room_10, uniq_robin, uniq_grinder

Skill      XL: |  1  2  3 |
---------------+----------+-----
Unarmed Combat | 4 5 |  5.9
Fighting       | |  2.1
Throwing       | |  1.7
Dodging        | |  2.6

Action                   |  1- 3 |  4- 6 || total
-------------------------+-------+-------++-------
Melee: Unarmed           |   110 |     5 ||   115
       Punch             |     4 |       ||     4
  Use: Scroll            |     1 |       ||     1
Armor: Leather armour    |    28 |       ||    28
       Ring mail         |    20 |     1 ||    21
Dodge: Dodged            |    61 |     1 ||    62
